 Dungeon Crawl Stone Soup version 0.17-a0-377-gdd46233 (webtiles) character file.

55 esc the Insei (level 3, -1/29 HPs)
             Began as a Demonspawn Monk on Apr 1, 2015.
             Killed by divine providence
             ... invoked by an orc priest
              (15 damage)
             ... on level 3 of the Dungeon.
             The game lasted 00:04:21 (1686 turns).

esc the Insei (Demonspawn Monk)                     Turns: 1686, Time: 00:04:21

Health: -1/29      AC:  4    Str: 10 (11) XL:     3   Next: 67%
Magic:  3/3        EV: 13    Int: 16      God:
Gold:   80         SH:  2    Dex: 16      Spells: 0 memorised, 2 levels left

rFire  . . .     SeeInvis .       - Unarmed
rCold  . . .     Clarity  .     a - +0 robe
rNeg   . . .     SustAb   +     (no shield)
rPois  .         Gourm    .     (no helmet)
rElec  .         Spirit   .     (no cloak)
rCorr  .         Warding  .     (no gloves)
rMut   .         Stasis   .     (no boots)
MR     .....                    (no amulet)
Stlth  ++........               (no ring)
                                f - ring of sustain abilities {SustAb}

@: brilliant, not resistant to hostile enchantments, unstealthy
A: large bone plates 1, powered by pain 1
a: no special abilities


You were on level 3 of the Dungeon.
You were not hungry.

You visited 1 branch of the dungeon, and saw 3 of its levels.

You collected 80 gold pieces.

Inventory:

Armour
 a - a +0 robe (worn)
Jewellery
 f - a ring of sustain abilities (left hand) {SustAb}
   (You found it on level 1 of the Dungeon)
Scrolls
 c - 3 scrolls of amnesia {unknown}
 d - a scroll of recharging {unknown}
 i - 2 scrolls of magic mapping {unknown}
 l - 2 scrolls of teleportation {unknown}
 m - a scroll of remove curse
Potions
 e - a potion of degeneration {!q}
 o - a potion of poison {!q}
 p - a potion of curing
Comestibles
 b - 2 bread rations {@e1}
 h - 3 chunks of flesh {@w0}
 j - a slice of pizza
 k - 5 fruits


   Skills:
 - Level 3.0 Fighting
 - Level 2.6 Dodging
 - Level 1.7 Stealth
 + Level 4.9 Unarmed Combat


You had 2 spell levels left.
You didn't know any spells.

Dungeon Overview and Level Annotations

Branches:
Dungeon (3/15)

Altars:
Vehumet
The Shining One


Innate Abilities, Weirdness & Mutations

You are partially covered in large bone plates (AC +2, SH +2).
You sometimes gain a little power by taking damage.


Message History

No target in view!
No target in view!
No target in view!
No target in view!
No target in view!
No target in view!
No target in view!
No target in view!
No target in view!
No target in view!
No target in view!
No target in view!
No target in view!
No target in view!
You see here a rat corpse.
You butcher the rat corpse.
h - 3 chunks of flesh {@w0} (gained 1)
A bat comes into view.
An orc comes into view.
You closely miss the bat. The bat barely misses you.
An orc comes into view. It is wielding a flail.
The bat closely misses you.
You closely miss the bat. The bat barely misses you.
An orc comes into view.
The orc shouts!
The bat barely misses you. The orc hits you.
An orc priest comes into view. It is wielding a club.
You closely miss the orc. The bat misses you. The orc closely misses you.
You take 5 damage, and have 24/29 hp.
The orc priest shouts!
You hit the orc. The bat hits you but does no damage.
The orc closely misses you.
You hit the orc. The bat closely misses you. The bat barely misses you.
The orc barely misses you.
The orc priest glows brightly for a moment.
The orc hits you.
You take 5 damage, and have 19/29 hp.
You hit the orc but do no damage. The bat hits you. The orc barely misses you.
An adder comes into view.
You take 1 damage, and have 18/29 hp.
You barely miss the orc. The bat misses you.
You barely miss the orc. You block the bat's attack.
The orc closely misses you. The orc hits you.
You are too injured to fight recklessly!
You take 1 damage, and have 17/29 hp.
You are too injured to fight recklessly!
You are too injured to fight recklessly!
You are too injured to fight recklessly!
You are too injured to fight recklessly!
You are too injured to fight recklessly!
You are too injured to fight recklessly!
You are too injured to fight recklessly!
You are too injured to fight recklessly!
You are too injured to fight recklessly!
You are too injured to fight recklessly!
You are too injured to fight recklessly!
You are too injured to fight recklessly!
You are too injured to fight recklessly!
You are too injured to fight recklessly!
Unknown command.
Drink which item? (? for menu, Esc to quit)
It was a potion of poison.
That liquid tasted very nasty...
You are lethally poisoned!
You feel sick. The bat misses you. The orc hits you with a flail.
The orc completely misses you.
You take 5 damage, and have 12/29 hp.
Drink which item? (? for menu, Esc to quit)
It was a potion of restore abilities.
You feel refreshed.
You feel sick. You block the bat's attack. The bat barely misses you.
The orc closely misses you.
A hobgoblin comes into view.
You take 2 damage, and have 10/29 hp.
Drink which item? (? for menu, Esc to quit)
It was a potion of curing.
You feel better. The bat barely misses you. The orc hits you.
The orc barely misses you. The orc hits you.
You regained 7 hp, and now have 17/29 hp.
Drink which item? (? for menu, Esc to quit)
It was a potion of brilliance.
You feel clever all of a sudden. You block the bat's attack. The orc hits you.
The orc hits you but does no damage. The orc barely misses you.
You take 2 damage, and have 15/29 hp.
Drink which item? (? for menu, Esc to quit)
It was a potion of degeneration.
There was something very wrong with that liquid.
You feel somewhat weakened.
The orc priest prays to Beogh.
You feel troubled. The orc hits you but does no damage.
The orc hits you but does no damage. The orc hits you with a flail.
You take 1 damage, and have 14/29 hp.
Drink which item? (? for menu, Esc to quit)
Okay, then.
The orc priest mumbles some strange prayers to Beogh.
You feel a wave of unholy energy pass over you.
You open the door.
The orc priest mumbles some strange prayers to Beogh against you.
Something smites you!
Ouch! That really hurt!
You die...

##.....#..#..##########+#
#.....#..#..#
#.....#..#..##
.....#..#...#
....#..#...# .#..#...#
#..#...# #..#'#.#
#....@o#
.######o#######.##
.........o.ob.......
.........o.........
...................
..................
.................
####.#..........
#.#.#..#....


You could see an orc priest and 3 orcs.

Vanquished Creatures
  A gnoll (D:1)
  An adder (D:2)
  4 bats (D:1)
  3 giant cockroaches
  3 goblins
  5 hobgoblins (D:2)
  2 jackals (D:1)
  4 kobolds
  A quokka (D:2)
  2 giant newts (D:1)
  7 rats
33 creatures vanquished.

Notes
Turn   | Place    | Note
--------------------------------------------------------------
     0 | D:1      | esc, the Demonspawn Monk, began the quest for the Orb.
     0 | D:1      | Reached XP level 1. HP: 18/18 MP: 1/1
   229 | D:1      | Reached skill level 4 in Unarmed Combat
   231 | D:1      | Gained mutation: You sometimes gain a little power by taking damage. [demonic ancestry]
   231 | D:1      | Reached XP level 2. HP: 14/24 MP: 2/2
   449 | D:1      | HP: 3/24 [gnoll/spear (4)]
   941 | D:2      | Found a glowing golden altar of the Shining One.
  1021 | D:2      | Gained mutation: You are partially covered in large bone plates (AC +2, SH +2). [demonic ancestry]
  1021 | D:2      | Reached XP level 3. HP: 29/29 MP: 3/3
  1090 | D:2      | Found a radiant altar of Vehumet.
  1686 | D:3      | Killed from afar by an orc priest

Action                   || total
-------------------------++-------
Melee: Unarmed           ||   105
  Use: Scroll            ||     1
       Potion            ||     6
 Stab: Sleeping          ||     6
  Eat: Chunk             ||     2

Vault maps used:
D:1:      kilobyte_arrival_exit_the_forest, serial_bayou_lagoon_b
D:2:      lemuel_round_altar, fiery_altar_vehumet, grunt_ministairs_3
D:3:      zin_angel

Table legend:
 A = Turns spent in this place as a percentage of turns spent in the entire game.
 B = Non-inter-level travel turns spent in this place as a percentage of non-inter-level travel turns spent in the entire game.
 C = Inter-level travel turns spent in this place as a percentage of turns spent in this place.
 D = Turns resting spent in this place as a percentage of non-inter-level travel turns spent in this place.
 E = Turns spent auto-exploring this place as a percentage of non-inter-level travel turns spent in this place.
 F = Non-inter-level travel turns spent in this place divided by the number of levels of this place that you've seen.
                   A       B       C       D       E      F
               +-------+-------+-------+-------+-------+----------------------
         Total | 100.0 | 100.0 |   0.4 |   0.7 |   9.2 | 181.0
       Dungeon | 100.0 | 100.0 |   0.4 |   0.7 |   9.2 | 181.0
               +-------+-------+-------+-------+-------+----------------------

Table legend:
 A = Kills in this place as a percentage of kills in entire the game.
 B = Kills by you in this place as a percentage of kills by you in the entire game.
 C = Kills by friends in this place as a percentage of kills by friends in the entire game.
 D = Other kills in this place as a percentage of other kills in the entire game.
 E = Experience gained in this place as a percentage of experience gained in the entire game.
 F = Experience gained in this place divided by the number of levels of this place that you have seen.
                   A       B       C       D       E      F
               +-------+-------+-------+-------+-------+----------------------
         Total | 100.0 | 100.0 |  -nan |  -nan | 100.0 |  26.3
       Dungeon | 100.0 | 100.0 |  -nan |  -nan | 100.0 |  26.3
               +-------+-------+-------+-------+-------+----------------------
